AoeStats
← Barón de la Cerveza

Arabia

505131157Analyzed
1v1 RM · 26d ago on Sep 8, 2026· 42m 9s· 2 players
Game mode
Random Map
Map size
Tiny (2 player)
Population
200
Speed
Normal
Resources
Standard
Victory
Conquest
Starting age
Dark Age
Ending age
Imperial Age
RankedLock teamsTeams togetherTeam positionsShared explorationLock speedFull tech treeHidden civsTurbo modeCheats
Victory
Defeat
🇲🇽 Sicilians · Mexico
1814
+12
🇨🇱 Khitans · Chile
1714
-12
CORP_hector_sin_elo
13:44 Feudal Age
14:07 Man-at-Arms
17:47 Double-Bit Axe
18:27 Loom
19:55 Fletching
23:57 Wheelbarrow
27:00 Castle Age
25:19 Gold Mining
25:11 Domestication
25:58 Padded Archer Armor
27:06 Crossbowman
27:42 Bodkin Arrow
31:18 Bow Saw
31:54 Gambesons
32:20 Forging
32:40 Squires
32:56 Scale Mail Armor
33:05 Husbandry
36:04 Sanctity
36:46 Chain Mail Armor
37:18 Iron Casting
44:29 Imperial Age
Barón de la Cerveza
5:36 Loom
8:59 Feudal Age
21:19 Double-Bit Axe
21:15 Horse Collar
25:24 Castle Age
24:48 Scale Mail Armor
26:03 Scale Barding Armor
27:47 Bow Saw
32:24 Town Watch
35:12 Wheelbarrow
41:04 Imperial Age
39:31 Hand Cart
39:32 Bloodlines
39:22 Husbandry
Connection lost

Rejoining the realm…

Still unreachable

The connection could not be restored.

Session expired

The server has moved on; the page needs a fresh start.